 Dungeon Sprint DCSS version 0.27-a0-1202-ge72e49191c (webtiles) character file.

Game seed: 6278106447887413173

1491 mhtbhm the Thaumaturge (level 8, 0/41 HPs)
             Began as a Deep Elf Earth Elementalist on June 3, 2021.
             Was a Believer of Vehumet.
             Killed from afar by a manticore (13 damage)
             ... with a volley of spikes
             ... in the Dungeon (Sprint IX: "|||||||||||||||||||||||||||||").
             The game lasted 00:02:04 (1161 turns).

mhtbhm the Thaumaturge (DEEE)                       Turns: 1161, Time: 00:02:04

Health: 0/41       AC:  3    Str:  5    XL:     8   Next: 51%
Magic:  3/28       EV: 17    Int: 23    God:    Vehumet [**....]
Gold:   0          SH:  0    Dex: 18    Spells: 21/36 levels left

rFire    . . .     SeeInvis .   l - +2 halberd (protect)
rCold    . . .     Faith    .   (shield currently unavailable)
rNeg     . . .     Spirit   .   c - +0 robe
rPois    .         Reflect  .   (no helmet)
rElec    .         Harm     .   m - +0 cloak
rCorr    .         Rampage  .   (no gloves)
Will     .....     NoTele   +   (no boots)
Stlth    +++.......             (no amulet)
HPRegen  0.13/turn              n - +2 ring of evasion
MPRegen  0.21/turn              o - +3 ring of dexterity

@: spiked
A: no striking features
a: Renounce Religion


You were in the Dungeon.
You worshipped Vehumet.
Vehumet was pleased with you.
You visited 1 branch

Inventory:

Hand Weapons
 l - a +2 halberd of protection (weapon)
Missiles
 b - 14 stones
Armour
 c - a +0 robe (worn)
 m - a +0 cloak (worn)
Jewellery
 n - a +2 ring of evasion (left hand)
 o - a +3 ring of dexterity (right hand)
Wands
 k - a wand of acid (9)
Scrolls
 i - a scroll of blinking
 j - 2 scrolls of amnesia
Potions
 a - a potion of invisibility
 d - 5 potions of curing
 e - 3 potions of heal wounds
 f - a potion of haste
 g - 4 potions of magic
 h - a potion of berserk rage


   Skills:
 + Level 5.8 Dodging
 + Level 6.3 Stealth
 + Level 14.6 Spellcasting
 + Level 0.5 Conjurations
 + Level 2.4 Transmutations
 + Level 14.4 Earth Magic
 + Level 0.8 Evocations


You had 21 spell levels left.
You knew the following spells:

 Your Spells              Type           Power      Damage    Failure   Level
a - Sandblast             Erth           100%       2d20      0%          1
b - Passwall              Tmut/Erth      45%        N/A       1%          2
c - Stone Arrow           Conj/Erth      100%       3d13      1%          3
d - Lee's Rapid Deconstr  Erth           35%        3d19*     1%          5
e - Petrify               Tmut/Erth      54%        N/A       1%          4

Your spell library contained the following spells:

 Spells                   Type           Power      Damage    Failure   Level
 Poisonous Vapours        Pois/Air       32%        N/A       5%          2


Dungeon Overview and Level Annotations

Branches:
Dungeon (1/1)

Altars:
Cheibriados
Dithmenos
Elyvilon
Fedhas
Gozag
Hepliaklqana
Kikubaaqudgha
Makhleb
Nemelex Xobeh
Okawaru
Qazlal
Ru
Sif Muna
Trog
Uskayaw
Vehumet
Wu Jian
Xom
Yredelemnul
Zin
The Shining One
Beogh
Jiyva
Lugonu


Message History

The boulder beetle resists with significant effort.
The boulder beetle closely misses you.
Unknown command.
Casting: Petrify (dangerous; 1% risk of failure)
Confirm with . or Enter, or press ? or * to list all spells.
Aiming: Petrify (dangerous; 1% risk of failure)
Press: ? - help, Shift-Dir - straight line, f/p - boulder beetle
Aim: a boulder beetle (chance to affect: 58%)
The boulder beetle is moving more slowly.
The boulder beetle bites you!
Unknown command.
You see here a +1 scale mail.
You see here a +0 cloak.
Casting: Petrify (dangerous; 1% risk of failure)
Confirm with . or Enter, or press ? or * to list all spells.
Aiming: Lee's Rapid Deconstruction (dangerous; 1% risk of failure)
Press: ? - help, Dir - move target, f/p - boulder beetle Fragment what (e.g. wall or brittle monster)?: a boulder beetle (petrifying slowly)
The boulder beetle shatters!!
The boulder beetle is moderately wounded.
The blast of petrified fragments hits the manticore!!
The manticore is heavily wounded.
You hear a shout!
The boulder beetle leaps!
The manticore flicks its tail.
The volley of spikes hits you!
The barbed spikes become lodged in your body.
Unknown command.
Casting: Lee's Rapid Deconstruction (dangerous; 1% risk of failure)
Confirm with . or Enter, or press ? or * to list all spells.
Aiming: Lee's Rapid Deconstruction (dangerous; 1% risk of failure)
Press: ? - help, Dir - move target An open door to the Dungeon.
The stone door frame shatters!
The blast of rock fragments hits the manticore but does no damage.
The manticore is heavily wounded.
The manticore flicks its tail.
The volley of spikes hits you!
The barbed spikes become lodged in your body.
You die...

▓_▓
▓_▓
▓'▓
▓.▓
▓.▓
▓)▓
▓.▓
▓.▓
▓@▓
▓[▓
▓°▓
▓H▓
▓'▓
▓[▓
▓.▓
▓.▓
▓.▓


You could see a manticore.

Vanquished Creatures
  A centaur warrior (D)
  A komodo dragon (D)
  A wraith (D)
  2 acid dragons (D)
  A black bear (D)
  An ogre (D)
  A hound (D)
  An ufetubus (D)
  An adder zombie (D)
  A dart slug (D)
  A ball python (D)
  An endoplasm (D)
  A giant cockroach (D)
  A ball python zombie (D)
  A frilled lizard (D)
  A giant cockroach zombie (D)
17 creatures vanquished.

Notes
Turn   | Place    | Note
-------+----------+-------------------------------------------
     0 | D        | mhtbhm the Deep Elf Earth Elementalist began the quest for
                  | the Orb.
     0 | D        | Reached XP level 1. HP: 10/10 MP: 6/6
   139 | D        | Noticed a hound
   139 | D        | Noticed a black bear
   139 | D        | Noticed an ogre
   141 | D        | Killed a hound
   142 | D        | Reached XP level 2. HP: 15/15 MP: 5/9
   142 | D        | Reached XP level 3. HP: 19/19 MP: 6/11
   143 | D        | Killed a black bear
   144 | D        | Reached XP level 4. HP: 19/24 MP: 4/15
   146 | D        | Killed an ogre
   147 | D        | Reached skill level 10 in Earth Magic
   147 | D        | Reached XP level 5. HP: 23/28 MP: 1/18
   260 | D        | Learned a level 2 spell: Passwall
   264 | D        | Learned a level 3 spell: Stone Arrow
   270 | D        | Learned a level 5 spell: Lee's Rapid Deconstruction
   275 | D        | Learned a level 4 spell: Petrify
   279 | D        | Found a snail-covered altar of Cheibriados.
   279 | D        | Found a shadowy altar of Dithmenos.
   279 | D        | Found a white marble altar of Elyvilon.
   279 | D        | Found a blossoming altar of Fedhas.
   279 | D        | Found an opulent altar of Gozag.
   280 | D        | Found a hazy altar of Hepliaklqana.
   281 | D        | Found a viscous altar of Jiyva.
   282 | D        | Found an ancient bone altar of Kikubaaqudgha.
   283 | D        | Found a corrupted altar of Lugonu.
   284 | D        | Found a burning altar of Makhleb.
   285 | D        | Found a sparkling altar of Nemelex Xobeh.
   286 | D        | Found an iron altar of Okawaru.
   287 | D        | Found a stormy altar of Qazlal.
   288 | D        | Found a sacrificial altar of Ru.
   289 | D        | Found a shimmering blue altar of Sif Muna.
   290 | D        | Found a bloodstained altar of Trog.
   291 | D        | Found a hide-covered altar of Uskayaw.
   292 | D        | Found a radiant altar of Vehumet.
   293 | D        | Found an ornate altar of the Wu Jian Council.
   294 | D        | Found a shimmering altar of Xom.
   295 | D        | Found a basalt altar of Yredelemnul.
   296 | D        | Found a glowing silver altar of Zin.
   297 | D        | Found a glowing golden altar of the Shining One.
   300 | D        | Became a worshipper of Vehumet
   332 | D        | Noticed an acid dragon
   332 | D        | Noticed a wraith
   332 | D        | Noticed an acid dragon
   332 | D        | Noticed a komodo dragon
   334 | D        | Killed an acid dragon
   335 | D        | Reached skill level 5 in Dodging
   335 | D        | Reached skill level 5 in Stealth
   335 | D        | Reached XP level 6. HP: 32/32 MP: 13/20
   337 | D        | Killed a wraith
   337 | D        | Killed an acid dragon
   337 | D        | Reached * piety under Vehumet
   337 | D        | Offered knowledge of Shock by Vehumet.
   338 | D        | Reached XP level 7. HP: 36/36 MP: 7/23
   614 | D        | Killed a komodo dragon
   827 | D        | Offered knowledge of Poisonous Vapours by Vehumet.
   827 | D        | Reached ** piety under Vehumet
   869 | D        | Noticed a centaur warrior
   869 | D        | Noticed a boulder beetle
   869 | D        | Noticed a manticore
   869 | D        | Noticed a cyclops
   869 | D        | Noticed a tengu conjurer
   869 | D        | Noticed a vampire mosquito
   873 | D        | Killed a centaur warrior
   874 | D        | Reached XP level 8. HP: 17/41 MP: 15/28
  1161 | D        | Killed from afar by a manticore

Illustrated notes

Levels and vault maps discovered:
D:        linesprint [early_d, line_temple, items_1, d_10, items_2, lair_1,
          lair_end, items_3, orc_1, orc_end, items_4, d_15, swamp_1, shoals_1,
          snake_1, spider_1, d_20, vaults_1, items_5, swamp_end, shoals_end,
          snake_end, spider_end, vaults_end, d_27, items_6, zot_1, zot_end,
          crypt_end, forest_end, elf_end, slime_end, tomb_end, abyss_end,
          pan_hell_end]

Skill      XL: |  1  2  3  4  5  6  7 |
---------------+----------------------+-----
Earth Magic    | 6 8 10 11 12 14 | 14.4
Stealth        | 3 4 5 6 |  6.3
Dodging        | 3 4 5 |  5.8
Spellcasting   | 4 7 8 9 11 14 | 14.6
Transmutations | 2 |  2.4
Conjurations   | |  0.5
Evocations     | |  0.8

Action                   |  1- 3 |  4- 6 |  7- 9 || total
-------------------------+-------+-------+-------++-------
 Cast: Sandblast         |    10 |     5 |     1 ||    16
       Lee's Rapid Decon |       |     2 |     8 ||    10
       Petrify           |       |       |     6 ||     6
       Stone Arrow       |       |       |     2 ||     2
Evoke: Wand              |       |     1 |       ||     1
  Use: Scroll            |       |       |     1 ||     1
Dodge: Dodged            |     2 |       |     5 ||     7

Table legend: (Time is in decaauts)
 A = Elapsed time spent in this place.
 B = Non-inter-level travel time spent in this place.
 C = Inter-level travel time spent in this place.
 D = Time resting spent in this place.
 E = Time spent auto-exploring this place.
 F = Levels seen in this place.
 G = Mean time per level.
                   A        B        C        D        E       F      G
               +--------+--------+--------+--------+--------+-----+--------+
         Total |   1159 |   1159 |      0 |    916 |     40 |   1 | 1159.0 |
       Dungeon |   1159 |   1159 |      0 |    916 |     40 |   1 | 1159.0 |
               +--------+--------+--------+--------+--------+-----+--------+

Top non-repeatable levels by time:
       D: 1159 daAuts
